 Dungeon Crawl Stone Soup version 0.25-a0-729-g14964f1db5 (webtiles) character file.

Game seed: 17232847436689538936, levelgen mode: deterministic

7 Glundar the Vandal (level 2, -2/23 HPs)
             Began as a Formicid Hunter on Apr 7, 2020.
             Slain by a hobgoblin
             ... wielding a +0 club
              (4 damage)
             ... on level 1 of the Dungeon.
             The game lasted 00:01:46 (151 turns).

Glundar the Vandal (Formicid Hunter)                 Turns: 151, Time: 00:01:46

Health: -2/23      AC:  3    Str: 16    XL:     2   Next: 5%
Magic:  2/2        EV: 12    Int: 10    God:
Gold:   0          SH:  0    Dex: 11    Spells: 1/1 levels left

rFire    . . .     SeeInvis +   b - +0 short sword
rCold    . . .     Gourm    .   (no shield)
rNeg     . . .     Faith    .   c - +0 leather armour
rPois    .         Spirit   .   (helmet unavailable)
rElec    .         Reflect  .   (no cloak)
rCorr    .         Harm     .   (no gloves)
MR       .....                  (no boots)
Stlth    +.........             (no amulet)
HPRegen  0.07/turn              (no ring)
MPRegen  0.08/turn              (no ring)

@: no status effects
A: permanent stasis, dig shafts and tunnels, four strong arms, antennae 3
a: Dig, Shaft Self


You were on level 1 of the Dungeon.
You were not hungry.

You visited 1 branch of the dungeon, and saw 1 of its levels.

Inventory:

Hand Weapons
 a - a +1 hunting sling
 b - a +0 short sword (weapon)
Missiles
 d - 11 sling bullets
Armour
 c - a +0 leather armour (worn)
Comestibles
 f - a ration


   Skills:
 + Level 2.3 Fighting
 + Level 0.3 Short Blades
 + Level 4.4 Slings
 + Level 2.0 Dodging
 + Level 1.5 Stealth


You had one spell level left.
You didn't know any spells.
Your spell library was empty.

Dungeon Overview and Level Annotations

Branches:
Dungeon (1/15)

Altars:


Innate Abilities, Weirdness & Mutations

You cannot be hasted, slowed, berserked, paralysed or teleported.
You can dig through walls and to a lower floor.
Your four strong arms can wield two-handed weapons with a shield.
You have a pair of large antennae on your head. (SInv)


Message History

The hobgoblin is severely wounded.
The hobgoblin hits you but does no damage.
You hit the hobgoblin but do no damage.
The hobgoblin is severely wounded.
The hobgoblin hits you with a +0 club.
You closely miss the hobgoblin.
The hobgoblin is severely wounded.
The hobgoblin hits you but does no damage.
You completely miss the hobgoblin.
The hobgoblin is severely wounded.
The hobgoblin hits you with a +0 club.
* * * LOW HITPOINT WARNING * * *
You barely miss the hobgoblin.
The hobgoblin is severely wounded.
The hobgoblin hits you with a +0 club.
* * * LOW HITPOINT WARNING * * *
You hit the hobgoblin but do no damage.
The hobgoblin is severely wounded.
The hobgoblin hits you with a +0 club.
You die...

#......# #. #...(.# #.
#....# #. $
#....###.####### ..#
#....##.......### ....
#...##..###....#
(....##.........#..#.#
.......#.#g#..#.#..#.####
(......h.#@#..#....#....#
...#######.#......#####.#
#.#....#######.#
#.####.#.......# #.#
#.#.####### #.# #.#.#
#######.# #.#.# #.......#
#.#.# #.##########.#.#


You could see a hobgoblin.

Vanquished Creatures
  4 jackals (D:1)
  A frilled lizard (D:1)
  A rat (D:1)
6 creatures vanquished.

Notes
Turn   | Place    | Note
-------+----------+-------------------------------------------
     0 | D:1      | Glundar the Formicid Hunter began the quest for the Orb.
     0 | D:1      | Reached XP level 1. HP: 16/16 MP: 1/1
   141 | D:1      | Reached XP level 2. HP: 8/22 MP: 2/2
   151 | D:1      | Slain by a hobgoblin

Levels and vault maps discovered:
D:1:      saegor_arrival_simple_b, layout_basic, hangedman_abyss_or_decor_stabs,
          minmay_misc_feat_secret_circle, hangedman_decor_clover_reticule

Skill      XL: |  1  2 |
---------------+-------+-----
Dodging        | 2 |  2.0
Fighting       | |  2.3
Short Blades   | |  0.3
Slings         | |  4.4
Stealth        | |  1.5

Action                   || total
-------------------------++-------
Melee: Short sword       ||    32
 Fire: Hunting sling     ||    11
Armor: Leather armour    ||    12
Dodge: Dodged            ||    20

Table legend:
 A = Non-vault XP
 B = Vault XP
 C = Vault XP percentage of total XP
 D = Non-vault monster count
 E = Vault monster count
 F = Vault count percentage of total count
                 A         B        C        D         E       F
            +---------+---------+-------+---------+---------+-------
      Total |      10 |       0 |   0.0 |       6 |       0 |   0.0
            +---------+---------+-------+---------+---------+-------
        D:1 |      10 |       0 |   0.0 |       6 |       0 |   0.0
            +---------+---------+-------+---------+---------+-------
